 Dungeon Crawl Stone Soup version 0.31-a0-473-g61b50ae490 (webtiles) character file.

Game seed: 445256627658536387

60 horus123 the Sneak (level 4, -4/36 HPs)
             Began as a Naga Ice Elementalist on Aug 6, 2023.
             Slain by an orc
             ... wielding a +0 mace
              (5 damage)
             ... on level 3 of the Dungeon.
             The game lasted 00:04:01 (2074 turns).

horus123 the Sneak (Naga Ice Elementalist)          Turns: 2074, Time: 00:04:02

Health: -4/36      AC:  2    Str: 11    XL:     4   Next: 4%
Magic:  1/8        EV:  9    Int: 17    God:
Gold:   87         SH:  0    Dex: 11    Spells: 5/9 levels left

rFire   x . .        o - +0 dagger (holy)
rCold   + + .        (no shield)
rNeg    . . .        a - +0 robe
rPois   +            i - +0 hat
rElec   .            (no cloak)
rCorr   .            (no gloves)
SInv    +            (no barding)
Will    .....        (no amulet)
Stlth   +++          g - ring of protection from cold
HPRegen 0.26/turn    j - ring of ice
MPRegen 0.11/turn

%: no passive effects
@: very slow
A: AC +1, large, see invisible, deformed body, poison resistance, slowness 2,
spit poison 1, naga tail 1
a: Spit Poison


You were on level 3 of the Dungeon.
You visited 1 branch of the dungeon, and saw 3 of its levels.

You collected 87 gold pieces.

Inventory:

Hand Weapons
 c - a +0 dagger
 o - a +0 dagger of holy wrath (weapon)
Armour
 a - a +0 robe (worn)
 i - a +0 hat (worn)
Jewellery
 g - a ring of protection from cold (left hand)
 j - a ring of ice (right hand)
Wands
 m - a wand of digging (3)
Scrolls
 e - 2 scrolls of teleportation {unknown}
 f - a scroll of blinking {unknown}
 h - a scroll of identify {unknown}
 l - a scroll of acquirement {unknown}
 n - a scroll of revelation {unknown}
 p - a scroll of fog {unknown}
Potions
 b - a potion of magic
 d - a potion of attraction {unknown}


   Skills:
 - Level 1.5 Dodging
 - Level 5.0 Stealth
 + Level 3.1 Spellcasting
 - Level 4.0 Ice Magic


You had 5 spell levels left.
You knew the following spells:

 Your Spells              Type           Power      Damage    Failure   Level
a - Freeze                Ice            96%        1d10      3%          1
b - Frozen Ramparts       Ice            48%        1d8       10%         3

Your spell library contained the following spells:

 Spells                   Type           Power      Damage    Failure   Level
 Ozocubu's Armour         Ice            24%        N/A       10%         3
 Inner Flame              Hex/Fire       2%         N/A       45%         3
 Summon Ice Beast         Ice/Summ       14%        N/A       58%         4
 Yara's Violent Unravell  Hex/Tmut       1%         3d3       99%         5
 Enfeeble                 Hex            1%         N/A       100%        7


Dungeon Overview and Level Annotations

Branches:
Dungeon (3/15)

Altars:
Fedhas


Innate Abilities, Weirdness & Mutations

Your serpentine skin is tough. (AC +1)
You have supernaturally acute eyesight. (SInv)
Armour fits poorly on your strangely shaped body.
Your system is resistant to poisons. (rPois)
You cover ground very slowly.
You can spit poison.
You have a snake-like lower body.


Message History

The orc is heavily wounded.
The orc closely misses you. x2
You feel a surge of power!
You freeze the orc.
The orc is almost dead.
The orc hits you with a +0 whip. The orc hits you with a +0 falchion.
You are too injured to fight recklessly!
You are too injured to fight recklessly!
Aiming: Freeze (safe; 3% risk of failure)
Press: ? - help, Q - select action, (/) - cycle Shift-Dir - straight line, f/p - orc
Aim: an orc, wielding a +0 whip and wearing a +0 leather armour (almost dead)
You feel a surge of power!
You freeze the orc.
You kill the orc!
The goblin hits you but does no damage. The orc closely misses you.
The orc hits you with a +0 falchion!
* * * LOW HITPOINT WARNING * * *
You have reached level 4!
You feel stronger.
Unknown command.
Aiming: Freeze (safe; 3% risk of failure)
Press: ? - help, Q - select action, (/) - cycle Shift-Dir - straight line, f - goblin
Aim: a goblin, wielding a +0 club and quivering stones You feel a surge of power!
You freeze the goblin.
You kill the goblin!
The orc hits you with a +0 mace.
* * * LOW HITPOINT WARNING * * *
The orc hits you but does no damage.
Aiming: Freeze (safe; 3% risk of failure)
Press: ? - help, Q - select action, (/) - cycle Shift-Dir - straight line, f - orc
Aim: an orc, wielding a +0 falchion You feel a surge of power!
You freeze the orc.
The orc is moderately wounded.
The orc barely misses you. The orc hits you with a +0 falchion.
* * * LOW HITPOINT WARNING * * *
Aiming: Freeze (safe; 3% risk of failure)
Press: ? - help, Q - select action, (/) - cycle Shift-Dir - straight line, f/p - orc
Aim: an orc, wielding a +0 falchion (moderately wounded)
You feel a surge of power!
You freeze the orc.
The orc is severely wounded.
The orc hits you with a +0 mace.
You die...

#.#........#.# #.#####
#.#.#..# .#.# #.###
#......###...### #.#.##
###.#..........# #....##
#.####.......# #>....#
###.# #.......# ##...## #
#...# #.......# ##.## ####
#.### #.)o....# #.# ...#
#.# #.@o....# #.# ##.###
#.# #..)....# ###.# #...#
#.# ######### #...# ###.#
#.# ### #########.###
#.###.#####.## #......##.#
#.......##.#.###.####.##.#
##.##.#.#.###.......#.##.#
#.##.#..## ##.#.##......#
#.##.....###.##.####.####


You could see 2 orcs.

Vanquished Creatures
  2 adders
  3 dart slugs
  2 orcs (D:3)
  3 ball pythons
  4 endoplasms
  A giant cockroach (D:1)
  3 hobgoblins
  3 quokkas
  A bat (D:2)
  2 frilled lizards
  2 goblins
  3 kobolds
  5 rats
34 creatures vanquished.

Notes
Turn   | Place    | Note
-------+----------+-------------------------------------------
     0 | D:1      | horus123 the Naga Ice Elementalist began the quest for the
                  | Orb.
     0 | D:1      | Reached XP level 1. HP: 15/15 MP: 3/3
   288 | D:1      | Reached XP level 2. HP: 20/22 MP: 5/5
   544 | D:1      | Reached skill level 4 in Stealth
  1031 | D:2      | Reached XP level 3. HP: 20/28 MP: 3/6
  1085 | D:2      | Found a faded altar of an unknown god.
  1088 | D:2      | Reached skill level 5 in Stealth
  1892 | D:3      | Learned a level 3 spell: Frozen Ramparts
  2011 | D:3      | Found a blossoming altar of Fedhas.
  2072 | D:3      | Reached XP level 4. HP: 10/36 MP: 4/8
  2073 | D:3      | HP: 1/36 [orc/+0 falchion (6)]
  2074 | D:3      | Slain by an orc

Illustrated notes

Levels and vault maps discovered:
D:1:      dpeg_arrival_rhombi, layout_basic
D:2:      layout_basic, shapermc_ecumenical_altar_ellora
D:3:      layout_loops_cross, fedhas_altar_4

Skill      XL: |  1  2  3 |
---------------+----------+-----
Stealth        | 4 5 |  5.0
Spellcasting   | 3 |  3.1
Dodging        | |  1.5
Ice Magic      | |  4.0

Action                     |  1- 3 |  4- 6 || total
---------------------------+-------+-------++-------
  Melee: Dagger            |    32 |       ||    32
   Cast: Freeze            |    39 |     3 ||    42
   Stab: Sleeping          |     6 |       ||     6
 Armour: Robe              |     8 |     1 ||     9
  Dodge: Dodged            |    25 |     1 ||    26

Table legend: (Time is in decaauts)
 A = Elapsed time spent in this place.
 B = Non-inter-level travel time spent in this place.
 C = Inter-level travel time spent in this place.
 D = Time resting spent in this place.
 E = Time spent auto-exploring this place.
 F = Levels seen in this place.
 G = Mean time per level.
                   A        B        C        D        E       F      G
               +--------+--------+--------+--------+--------+-----+--------+
         Total |   2649 |   2584 |     65 |    136 |   1989 |   3 |  883.0 |
       Dungeon |   2649 |   2584 |     65 |    136 |   1989 |   3 |  883.0 |
               +--------+--------+--------+--------+--------+-----+--------+

Top non-repeatable levels by time:
     D:2: 1214 daAuts
     D:1: 1181 daAuts
     D:3: 253 daAuts
